 Dungeon Crawl Stone Soup version 0.22-a0-799-g88f5e907b7 (webtiles) character file.

25 Htamos the Chopper (level 3, -5/29 HPs)
             Began as a Formicid Chaos Knight on July 21, 2018.
             Slain by a chaos spawn (7 damage)
             ... on level 1 of the Abyss.
             The game lasted 00:01:39 (813 turns).

Htamos the Chopper (Formicid Chaos Knight)           Turns: 813, Time: 00:01:41

Health: -5/29      AC:  3    Str: 13 (16) XL:     3   Next: 20%
Magic:  3/3        EV: 11    Int: 11      God:    Xom [......]
Gold:   131        SH:  0    Dex: 13      Spells: 2/2 levels left

rFire    . . .     SeeInvis +   a - +0 hand axe (chaos)
rCold    . . .     Gourm    .   (no shield)
rNeg     . . .     Faith    .   b - +2 leather armour
rPois    .         Spirit   .   (helmet unavailable)
rElec    .         Reflect  .   (no cloak)
rCorr    .         Harm     .   (no gloves)
MR       .....                  (no boots)
Stlth    ++........             (no amulet)
HPRegen  0.09/turn              (no ring)
MPRegen  0.08/turn              (no ring)

@: lethally poisoned (-5 -> -16)
A: permanent stasis, dig shafts and tunnels, four strong arms, antennae 3, thin
skeletal structure 1, blurry vision 1, deformed body, deterioration 1
a: Dig, Shaft Self, Renounce Religion


You were on level 1 of the Abyss.
You worshipped Xom.
You were a very special plaything of Xom.
You were not hungry.

You visited 1 branch of the dungeon, and saw 1 of its levels.
You visited the Abyss 1 time.

You collected 131 gold pieces.

Inventory:

Hand Weapons
 a - a +0 hand axe of chaos (weapon)
Armour
 b - a +2 leather armour (worn)
 i - a cursed -2 helmet
Wands
 g - a wand of iceblast (6)
Scrolls
 e - a scroll of teleportation {unknown}
 f - 2 scrolls of remove curse {unknown}
 h - 3 scrolls of identify {unknown}
Potions
 d - a potion of agility {unknown}
 j - a potion of resistance {unknown}
 k - a potion of haste {unknown}
Comestibles
 c - 8 rations


   Skills:
 + Level 3.6 Fighting
 * Level 3.6 Axes
 + Level 2.6 Armour
 - Level 0.8 Dodging


You had 2 spell levels left.
You didn't know any spells.
Your spell library was empty.

Dungeon Overview and Level Annotations

Branches:
Dungeon (1/15)

Altars:


Innate Abilities, Weirdness & Mutations

You cannot be hasted, slowed, berserked, paralysed or teleported.
You can dig through walls and to a lower floor.
Your four strong arms can wield two-handed weapons with a shield.
You have a pair of large antennae on your head. (SInv)
You have a somewhat thin skeletal structure. (Dex +2, Stealth)
Scrolls take you a little longer to read.
Armour fits poorly on your strangely shaped body.
Your body sometimes deteriorates upon taking damage.


Message History

A chaos spawn comes into view.
The chaos spawn bellows!
You see here a leather armour.
Xom adds some personal touches to your environment.
You are now a very special plaything of Xom.
You slash the chaos spawn! You freeze the chaos spawn.
The chaos spawn is moderately wounded.
The chaos spawn hits you!
* * * LOW HITPOINT WARNING * * *
Your body deteriorates!
You feel weakened.
You are poisoned.
The chaos spawn poisons you!
You hit the chaos spawn but do no damage.
You smell something strange.
The chaos spawn is moderately wounded.
* * * LOW HITPOINT WARNING * * *
You feel sick. The chaos spawn hits you!
* * * LOW HITPOINT WARNING * * *
The chaos spawn shocks you!
You die...
Xom chortles!

.#.. .#....# ..!. .
..# ## ...... ....##
.# ..._... .4..#.. ..
#..... .....#
..###...###....#
....#.....#4_.#
.........._.@.[.#..
.... ....._.....#.. #
....................(
#.. ..#...._#....#...
. ##..
###...###....##.. .. .
#.....#..>..#...###.
.. . . .........
....ยง.#.. . .. .
.................###..
.. .
................#. .
.#


You could see a chaos spawn.

Vanquished Creatures
  An ufetubus (Abyss:1)
  An ooze (D:1)
  A dart slug (D:1)
  A giant cockroach (D:1)
  4 goblins (D:1)
  2 hobgoblins (D:1)
  A ball python (D:1)
  A kobold (D:1)
  2 rats (D:1)
14 creatures vanquished.

Notes
Turn   | Place    | Note
-------+----------+-------------------------------------------
     0 | D:1      | Htamos the Formicid Chaos Knight began the quest for the Orb.
     0 | D:1      | Reached XP level 1. HP: 18/18 MP: 1/1
    12 | D:1      | XOM: harmless Erth miscast
    18 | D:1      | XOM: harmless Chrm miscast
    73 | D:1      | Reached XP level 2. HP: 24/24 MP: 2/2
   272 | D:1      | XOM: mild Necr miscast
   297 | D:1      | XOM: give mutations
   297 | D:1      | Gained mutation: You have a somewhat thin skeletal structure. (Dex +2, Stealth) [Xom's mischief]
   297 | D:1      | Gained mutation: Scrolls take you a little longer to read. [Xom's mischief]
   297 | D:1      | Gained mutation: Armour fits poorly on your strangely shaped body. [Xom's mischief]
   297 | D:1      | Gained mutation: Your body sometimes deteriorates upon taking damage. [Xom's mischief]
   351 | D:1      | XOM: chaos upgrade
   517 | D:1      | Reached XP level 3. HP: 22/29 MP: 3/3
   622 | D:1      | XOM: severe Ice miscast
   745 | D:1      | XOM: medium Tloc miscast
   745 | D:1      | Cast into level 1 of the Abyss (the severe capriciousness of Xom)
   807 | Abyss:1  | Noticed a chaos spawn
   811 | Abyss:1  | XOM: scenery: create altars
   813 | Abyss:1  | Slain by a chaos spawn

Vault maps used:
D:1:      tarquinn_simple_flora_water_d

Action                   || total
-------------------------++-------
Melee: Hand axe          ||    40
Armor: Leather armour    ||    10
Dodge: Dodged            ||    16

Table legend:
 A = Spawn XP
 B = Non-spawn XP
 C = Spawn XP percentage of total XP
 D = Spawn monster count
 E = Non-spawn monster count
 F = Spawn count percentage of total count
 G = Total turns spent on level
                    A         B        C        D         E        F      G
               +---------+---------+-------+---------+---------+-------+---------
         Total |       8 |      29 |  21.6 |       1 |      13 |   7.1 |   813
               +---------+---------+-------+---------+---------+-------+---------
           D:1 |       0 |      29 |   0.0 |       0 |      13 |   0.0 |   745
       Abyss:1 |       8 |       0 | 100.0 |       1 |       0 | 100.0 |    68
               +---------+---------+-------+---------+---------+-------+---------
